 Dungeon Crawl Stone Soup version 0.27.1 (webtiles) character file.

Game seed: 2131358174454039503

35 MajorAdolf the Magician (level 3, -3/33 HPs)
             Began as a Naga Wanderer on Aug 27, 2021.
             Slain by Grinder (6 damage)
             ... on level 3 of the Dungeon.
             The game lasted 00:01:54 (2184 turns).

MajorAdolf the Magician (Naga Wanderer)             Turns: 2184, Time: 00:01:54

Health: -3/33      AC:  5    Str: 15    XL:     3   Next: 35%
Magic:  7/7        EV:  7    Int: 12    God:
Gold:   56         SH:  0    Dex: 10    Spells: 8/8 levels left

rFire    . . .     SeeInvis +   i - +1 dagger (venom)
rCold    . . .     Faith    .   (no shield)
rNeg     . . .     Spirit   .   g - +0 scale mail
rPois    +         Reflect  .   (no helmet)
rElec    .         Harm     .   (no cloak)
rCorr    .         Rampage  .   f - +0 pair of gloves
Will     .....                  (no barding)
Stlth    ..........             (no amulet)
HPRegen  0.11/turn              (no ring)
MPRegen  0.10/turn              (no ring)

@: about to teleport, very slow
A: AC +1, large, see invisible, deformed body, poison resistance, slowness 2,
spit poison 1, naga tail 1
a: Spit Poison


You were on level 3 of the Dungeon.
You visited 1 branch of the dungeon, and saw 3 of its levels.

You collected 56 gold pieces.

Inventory:

Hand Weapons
 a - a +0 club
 h - a +0 dagger
 i - a +1 dagger of venom (weapon)
Armour
 b - a +0 robe
 f - a +0 pair of gloves (worn)
 g - a +0 scale mail (worn)
Scrolls
 c - a scroll of teleportation
 m - a scroll of noise {unknown}
 n - a scroll of enchant armour {unknown}
 o - a scroll of identify {unknown}
Potions
 d - 2 potions of heal wounds {unknown}
 e - a potion of attraction {unknown}
 j - a potion of curing {unknown}
 k - a potion of resistance {unknown}
 l - a potion of magic {unknown}


   Skills:
 + Level 2.7 Fighting
 - Level 1.5 Stealth
 - Level 3.1 Spellcasting
 - Level 1.0 Fire Magic
 - Level 2.0 Earth Magic
 - Level 2.6 Poison Magic
 - Level 1.0 Evocations


You had 8 spell levels left.
You didn't know any spells.
Your spell library contained the following spells:

 Spells                   Type           Power      Damage    Failure   Level
 Sandblast                Erth           12%        2d6       41%         1
 Apportation              Tloc           2%         N/A       71%         1
 Summon Small Mammal      Summ           4%         N/A       71%         1
 Passwall                 Tmut/Erth      3%         N/A       71%         2
 Stone Arrow              Conj/Erth      8%         3d7       90%         3
 Call Canine Familiar     Summ           1%         N/A       97%         3
 Lesser Beckoning         Tloc           0%         N/A       97%         3
 Summon Guardian Golem    Hex/Summ       1%         N/A       97%         3
 Petrify                  Tmut/Erth      4%         N/A       100%        4


Dungeon Overview and Level Annotations

Branches:
Dungeon (3/15)

Altars:

Annotations:
D:3 Grinder


Innate Abilities, Weirdness & Mutations

Your serpentine skin is tough. (AC +1)
You have supernaturally acute eyesight. (SInv)
Armour fits poorly on your strangely shaped body.
Your system is resistant to poisons. (rPois)
You cover ground very slowly.
You can spit poison.
You have a snake-like lower body.


Message History

Grinder blinks!
Grinder is nearby!
You hit Grinder but do no damage. Grinder hits you.
You hit Grinder.
Grinder is lightly wounded.
Grinder says, "You look like you could use a good racking."
Grinder gestures at you. Pain shoots through your body!
Grinder is nearby!
Unknown command.
Okay, then.
You hit Grinder.
Grinder is lightly wounded.
Grinder barely misses you.
You barely miss Grinder.
Grinder is lightly wounded.
Grinder gestures at you. You resist with significant effort.
You barely miss Grinder.
Grinder is lightly wounded.
Grinder hits you.
You writhe in agony.
You closely miss Grinder.
Grinder is lightly wounded.
Grinder gestures at you. Pain shoots through your body!
You hit Grinder.
Grinder is moderately wounded.
Grinder blinks!
You hit Grinder.
Grinder is moderately wounded.
Grinder hits you!
* * * LOW HITPOINT WARNING * * *
Unknown command.
Grinder gestures at you. Pain shoots through your body!
* * * LOW HITPOINT WARNING * * *
Okay, then.
As you read the scroll of teleportation, it crumbles to dust.
You feel strangely unstable. Grinder hits you.
You die...

#########################
#......5@................
#.#######################
####### ....... #######


You could see Grinder.

Vanquished Creatures
  A worm (D:2)
  A dart slug (D:2)
  3 bats
  An endoplasm (D:2)
  4 goblins
  5 hobgoblins
  4 jackals (D:2)
  3 ball pythons (D:2)
  A frilled lizard (D:2)
  3 kobolds (D:1)
  2 rats (D:1)
28 creatures vanquished.

Notes
Turn   | Place    | Note
-------+----------+-------------------------------------------
     0 | D:1      | MajorAdolf the Naga Wanderer began the quest for the Orb.
     0 | D:1      | MajorAdolf set off with the following items: a +0 club, a
                  | +0 robe, a scroll of teleportation; and the following
                  | spells available to memorise: Sandblast, Apportation,
                  | Passwall, Stone Arrow, Lesser Beckoning, Petrify
     0 | D:1      | Reached XP level 1. HP: 15/15 MP: 4/4
   424 | D:1      | Found a faded altar of an unknown god.
   498 | D:1      | Reached skill level 1 in Fighting
   707 | D:1      | Reached XP level 2. HP: 25/25 MP: 6/6
  1406 | D:2      | Reached XP level 3. HP: 32/32 MP: 7/7
  2171 | D:3      | Noticed Grinder
  2184 | D:3      | Slain by Grinder

Illustrated notes

Levels and vault maps discovered:
D:1:      dpeg_arrival_three_same_balls, layout_basic, basic_ecumenical_altar
D:2:      layout_loops_ring
D:3:      layout_basic, minmay_misc_feat_columns, minmay_misc_feat_chi,
          uniq_grinder

Skill      XL: |  1  2 |
---------------+-------+-----
Fighting       | 1 2 |  2.7
Stealth        | |  1.5
Spellcasting   | |  3.1
Fire Magic     | |  1.0
Earth Magic    | |  2.0
Poison Magic   | |  2.6
Evocations     | |  1.0

Action                   || total
-------------------------++-------
Melee: Club              ||     4
       Dagger            ||    72
 Abil: Spit Poison       ||     9
  Use: Scroll            ||     1
Armor: Scale mail        ||    47
Dodge: Dodged            ||    28
